 Dungeon Crawl Stone Soup version 0.31.0-11-ge490571c62 (webtiles) character file.

Game seed: 4148851635831272585

25 qw the Shooter (level 2, 0/16 HPs)
             Began as a Deep Elf Hunter on Feb 4, 2024.
             Succumbed to their own poison gas
             ... on level 1 of the Dungeon.
             The game lasted 00:00:02 (818 turns).

qw the Shooter (Deep Elf Hunter)                     Turns: 818, Time: 00:00:02

Health: 0/16       AC:  9    Str:  8    XL:     2   Next: 82%
Magic:  4/4        EV:  8    Int: 13    God:
Gold:   27         SH:  0    Dex: 18    Spells: 1/1 levels left

rFire   . . .        a - +0 shortbow
rCold   . . .        (shield currently unavailable)
rNeg    . . .        h - +0 scale mail
rPois   .            (no helmet)
rElec   .            (no cloak)
rCorr   .            (no gloves)
SInv    .            g - +2 pair of boots
Will    .....        (no amulet)
Stlth   +            (no ring)
HPRegen 0.22/turn    (no ring)
MPRegen 0.09/turn

%: no passive effects
@: lethally poisoned (0 -> -5)
A: no striking features
a: no special abilities


You were on level 1 of the Dungeon.
You visited 1 branch of the dungeon, and saw 1 of its levels.

You collected 27 gold pieces.


   Skills:
 - Level 1.5 Fighting
 + Level 6.5 Ranged Weapons
 - Level 2.4 Dodging
 - Level 1.2 Stealth


You had one spell level left.
You didn't know any spells.
Your spell library was empty.

Inventory:

Hand Weapons
 a - a +0 shortbow (weapon)
Armour
 g - a +2 pair of boots (worn)
 h - a +0 scale mail (worn)
Potions
 i - a potion of mutation
 j - a potion of might

Dungeon Overview and Level Annotations

Branches:
Dungeon (1/15)

Altars:


Message History

811 ||| IDENTIFYING orange potion;
i - a potion of mutation Done exploring.
812 ||| READING scroll of identify.
812 ||| IDENTIFYING silvery potion
As you read the scroll of identify, it crumbles to dust.
j - a potion of might Done exploring.
813 ||| READING scroll labelled MYCVEL FIUBB.
As you read the scroll labelled MYCVEL FIUBB, it crumbles to dust.
You assume a fearsome visage.
Nothing appears to happen.
It was a scroll of fear.
Done exploring.
814 ||| DROPPING scroll of butterflies.
You drop a scroll of butterflies.
Done exploring.
What level of the Dungeon? (default 1, ? - help) Sorry, I don't know how to get there.
Enter note:
Enter note:
Enter note:
Enter note:
Enter note:
Enter note:
Enter note:
Enter note:
Enter note:
Enter note:
Enter note:
Enter note: You are engulfed in poison gas.
You are poisoned.
Ouch! That really hurt!
You feel very sick.
816 ||| Stepping ~*~*~tactically~*~*~ (cloud).
You feel very sick.
Things that are here:
a scroll of butterflies; a +0 leather armour
There is a lethal amount of poison in your body!
You feel sick.
There is a lethal amount of poison in your body!
You die...

...#...#...#.....+...............
.<.'.}.#...#%....####.....####.##
...#...#...#....## ##.##.# #...
#####'###'##...## ####.# ####
...#...#...#..## #.#
...'...#...#'## #.#
...#...#...#.# #.#
#########'##.############.#
...#...#...#.#0¤@0¤¤¤0¤¤..#
...'...'...#¤¤¤############
...#...#...#¤..# ############...#
#........# ##########


There were no monsters in sight!

Vanquished Creatures
  3 ball pythons (D:1)
  3 endoplasms (D:1)
  2 giant cockroaches (D:1)
  3 goblins (D:1)
  A hobgoblin (D:1)
  2 jackals (D:1)
  A quokka (D:1)
  3 bats (D:1)
  A frilled lizard (D:1)
  4 rats (D:1)
23 creatures vanquished.

Notes
Turn   | Place    | Note
-------+----------+-------------------------------------------
     0 | D:1      | qw the Deep Elf Hunter began the quest for the Orb.
     0 | D:1      | Reached XP level 1. HP: 12/12 MP: 3/3
     0 | D:1      | 0 ||| qw: Version: 0.3-a-160-g6735b56
     0 | D:1      | 0 ||| qw: Game counter: 5001
     0 | D:1      | 0 ||| qw: Melee chars always use a shield: true
     0 | D:1      | 0 ||| qw: God list: Okawaru
     0 | D:1      | 0 ||| qw: Allow faded altars: false
     0 | D:1      | 0 ||| qw: Do Orc after clearing Dungeon:15 true
     0 | D:1      | 0 ||| qw: Do second Lair branch before Depths: true
     0 | D:1      | 0 ||| qw: Lair rune preference: random
     0 | D:1      | 0 ||| qw: Goals: Normal
     0 | D:1      | 0 ||| PLANNING D:1-11
   164 | D:1      | Reached XP level 2. HP: 14/16 MP: 4/4
   263 | D:1      | Reached skill level 6 in Ranged Weapons
   793 | D:1      | 793 ||| UPGRADING to +2 pair of boots.
   798 | D:1      | 798 ||| UPGRADING to +0 scale mail.
   808 | D:1      | 808 ||| DROPPING +0 leather armour.
   809 | D:1      | 809 ||| READING scroll labelled TIOLOI NOIXT.
   810 | D:1      | 810 ||| READING scroll labelled RIUDDIATHA.
   810 | D:1      | 810 ||| ENCHANTING +0 shortbow.
   811 | D:1      | 811 ||| READING 2 scrolls labelled EDIUPT RALO.
   811 | D:1      | 811 ||| IDENTIFYING orange potion
   812 | D:1      | 812 ||| READING scroll of identify.
   812 | D:1      | 812 ||| IDENTIFYING silvery potion
   813 | D:1      | 813 ||| READING scroll labelled MYCVEL FIUBB.
   814 | D:1      | 814 ||| DROPPING scroll of butterflies.
   816 | D:1      | 816 ||| Stepping ~*~*~tactically~*~*~ (cloud).
   816 | D:1      | HP: 3/16 [poisoned by you (poison gas)]
   817 | D:1      | HP: 1/16 [poisoned by you (poison gas)]
   818 | D:1      | Succumbed to their own poison gas

Levels and vault maps discovered:
D:1:      co_arrival_random_square_maze, layout_loops_corners,
          minmay_tromino_v4_c

Skill      XL: |  1  2 |
---------------+-------+-----
Ranged Weapons | 6 |  6.5
Fighting       | |  1.5
Dodging        | |  2.4
Stealth        | |  1.2

Action                     || total
---------------------------++-------
   Fire: Shortbow          ||    56
    Use: Scroll            ||     5
 Armour: Leather armour    ||    12
  Dodge: Dodged            ||    12

Table legend:
 A = Non-vault XP
 B = Vault XP
 C = Vault XP percentage of total XP
 D = Non-vault monster count
 E = Vault monster count
 F = Vault count percentage of total count
                 A         B        C        D         E       F
            +---------+---------+-------+---------+---------+-------
      Total |      31 |       5 |  13.9 |      20 |       3 |  13.0
            +---------+---------+-------+---------+---------+-------
        D:1 |      31 |       5 |  13.9 |      20 |       3 |  13.0
            +---------+---------+-------+---------+---------+-------
